 Dungeon Crawl Stone Soup version 0.30.0-5-g1a98f26d00 (webtiles) character file.

Game seed: 16433204920901884375

151 karkarkar the Covered (level 5, -3/49 HPs)
             Began as a Gargoyle Fighter on May 9, 2023.
             Was a Plaything of Xom.
             Slain by a gnoll
             ... wielding a +0 spear
              (7 damage)
             ... on level 3 of the Dungeon.
             The game lasted 00:08:18 (1707 turns).

karkarkar the Covered (Gargoyle Fighter)            Turns: 1707, Time: 00:08:19

Health: -3/49      AC: 22    Str: 22    XL:     5   Next: 33%
Magic:  5/5        EV:  2    Int:  8    God:    Xom [......]
Gold:   136        SH:  4    Dex:  9    Spells: 4/4 levels left

rFire   . . .        a - +1 war axe
rCold   . . .        c - +0 buckler
rNeg    + + .        b - melded +0 scale mail
rPois   ∞            (helmet currently unavailable)
rElec   .            (cloak currently unavailable)
rCorr   +            (gloves currently unavailable)
SInv    .            (boots currently unavailable)
Will    .....        (no amulet)
Stlth   +            e - ring of positive energy
HPRegen 0.28/turn    r - ring of resist corrosion
MPRegen 0.09/turn

%: no passive effects
@: mighty, tree-form (expiring)
A: stationary, stasis, torment immunity, boosted hp, sickness immunity, AC +4,
negative energy resistance 1, (electricity resistance), torment resistance 1,
petrification resistance
a: Renounce Religion


You were on level 3 of the Dungeon.
You worshipped Xom.
You were a very special plaything of Xom.
You were a tree.
You visited 1 branch of the dungeon, and saw 3 of its levels.

You collected 136 gold pieces.

Inventory:

Hand Weapons
 a - a +1 war axe (weapon)
Missiles
 k - 4 boomerangs (quivered)
 t - 4 poisoned darts
Armour
 b - a +0 scale mail (melded)
 c - a +0 buckler (worn)
Jewellery
 e - a ring of positive energy (left branch)
 r - a ring of resist corrosion (right branch)
Scrolls
 h - 2 scrolls of vulnerability
 j - a scroll of immolation {unknown}
 m - a scroll of acquirement {unknown}
 n - 2 scrolls of enchant weapon
 o - 2 scrolls of teleportation
 u - a scroll of fear
Potions
 d - 2 potions of might
 f - 2 potions of curing {unknown}
 g - 2 potions of brilliance {unknown}
 i - 2 potions of lignification
 l - a potion of mutation {unknown}
 p - 3 potions of heal wounds {unknown}
 q - a potion of flight {unknown}
 s - a potion of degeneration {unknown}


   Skills:
 + Level 3.7 Fighting
 + Level 3.2 Axes
 + Level 0.5 Throwing
 + Level 3.9 Armour
 + Level 1.3 Dodging
 + Level 3.9 Shields


You had 4 spell levels left.
You didn't know any spells.
Your spell library contained the following spells:

 Spells                   Type           Power      Damage    Failure   Level
 Poisonous Vapours        Pois/Air       0%         N/A       61%         2
 Mephitic Cloud           Conj/Pois/Air  0%         N/A       83%         3
 Freezing Cloud           Conj/Ice/Air   0%         6-21      100%        5


Dungeon Overview and Level Annotations

Branches:
Dungeon (3/15)

Altars:
Hepliaklqana
Ru
Xom


Innate Abilities, Weirdness & Mutations

You are a tree.
Your roots penetrate the ground, keeping you stationary.
You cannot be teleported.
You are immune to unholy pain and torment.
Your maximum health is greatly increased.
Your equipment is partially melded.
You are immune to sickness and miasma.
((Your stone body is resilient. (AC +4)))
You are immune to poison.
You resist negative energy. (rN+)
((You are resistant to electric shocks. (rElec)))
You are resistant to unholy torment.
You are immune to petrification.


Message History

The gnoll hits you but does no damage. The gnoll completely misses you.
Xom is getting BORED.
The gnoll hits you but does no damage. You block the gnoll's attack.
The gnoll hits you but does no damage.
The gnoll hits you from afar with a +0 spear!
* * * LOW HITPOINT WARNING * * *
The gnoll hits you from afar with a +0 spear.
* * * LOW HITPOINT WARNING * * *
The gnoll completely misses you.
The gnoll hits you from afar with a +0 spear.
* * * LOW HITPOINT WARNING * * *
You are too injured to fight recklessly!
Throw: 6 darts (poison)
Press: ? - help, Q - select action, (/) - cycle Shift-Dir - straight line, f - gnoll
Aim: a gnoll, wielding a +0 spear (58% to hit)
You throw a poisoned dart. The poisoned dart hits the gnoll.
The gnoll hits you but does no damage.
Throw: 5 darts (poison)
Press: ? - help, Q - select action, (/) - cycle Shift-Dir - straight line, f/p - gnoll
Aim: a gnoll, wielding a +0 spear (58% to hit)
You throw a poisoned dart. The poisoned dart hits the gnoll.
The gnoll is poisoned.
You block the gnoll's attack.
Throw: 5 boomerangs
Press: ? - help, Q - select action, (/) - cycle Shift-Dir - straight line, f/p - gnoll
Aim: a gnoll, wielding a +0 spear (lightly wounded, poisoned, 58% to hit)
You throw a boomerang. The boomerang hits the gnoll.
The gnoll is moderately wounded.
The gnoll hits you but does no damage.
Throw: 5 boomerangs
Press: ? - help, Q - select action, (/) - cycle Shift-Dir - straight line, f/p - gnoll
Aim: a gnoll, wielding a +0 spear (heavily wounded, poisoned, 58% to hit)
You throw a boomerang.
The boomerang hits the gnoll and shatters, but does no damage.
The gnoll is heavily wounded.
Your transformation is almost over.
The gnoll hits you from afar with a +0 spear!
You die...

.# #.## #..
##.###
#.... .#. g
#..#
_.[.g###))#
#.gbg)♣).#
$.#######.#
#.# #.# #.#
#.# #.# #.#
#.#


You could see 3 gnolls and a bat.

Vanquished Creatures
  Robin (D:3)
  3 gnolls (D:3)
  4 adders
  2 dart slugs
  2 worms (D:2)
  5 endoplasms
  2 giant cockroaches
  13 goblins
  8 hobgoblins
  A quokka (D:1)
  8 ball pythons
  6 bats
  2 frilled lizards (D:1)
  4 kobolds
  4 rats
65 creatures vanquished.

Notes
Turn   | Place    | Note
-------+----------+-------------------------------------------
     0 | D:1      | karkarkar the Gargoyle Fighter began the quest for the Orb.
     0 | D:1      | Reached XP level 1. HP: 14/14 MP: 1/1
   172 | D:1      | Found a faded altar of an unknown god.
   246 | D:1      | Reached XP level 2. HP: 18/19 MP: 2/2
   797 | D:1      | Prayed at the altar of an unknown god.
   797 | D:1      | Became a worshipper of Xom of Chaos
   822 | D:2      | XOM: noise
   838 | D:2      | Reached XP level 3. HP: 23/23 MP: 3/3
   933 | D:2      | Found a hazy altar of Hepliaklqana.
   993 | D:2      | Reached skill level 1 in Dodging
  1017 | D:2      | Reached XP level 4. HP: 28/28 MP: 4/4
  1279 | D:2      | XOM: silly message
  1611 | D:3      | XOM: stat loss: -1 Dex (8/9)
  1642 | D:3      | Found a sacrificial altar of Ru.
  1648 | D:3      | Noticed Robin
  1654 | D:3      | Reached XP level 5. HP: 28/33 MP: 5/5
  1670 | D:3      | Killed Robin
  1707 | D:3      | Slain by a gnoll

Illustrated notes

Levels and vault maps discovered:
D:1:      dpeg_arrival_central, layout_loops_ring,
          dreamdust_ecumenical_altar_hidden_monk_grotto, chequers_garden,
          dk_noncrumbling_3
D:2:      minmay_angry_zag, layout_basic, basic_altar
D:3:      layout_basic, lemuel_crystal_altar, biasface_ghost_orc_armoury,
          uniq_robin

Skill      XL: |  1  2  3  4  5 |
---------------+----------------+-----
Axes           | 2 3 |  3.2
Dodging        | 1 |  1.3
Fighting       | |  3.7
Throwing       | |  0.5
Armour         | |  3.9
Shields        | |  3.9

Action                     |  1- 3 |  4- 6 || total
---------------------------+-------+-------++-------
  Melee: War axe           |   100 |    72 ||   172
  Throw: Dart              |       |     3 ||     3
         Boomerang         |       |     2 ||     2
    Use: Scroll            |     2 |     3 ||     5
         Potion            |       |     2 ||     2
 Armour: Scale mail        |    62 |    42 ||   104
         Skin              |       |    17 ||    17
  Dodge: Dodged            |    62 |    28 ||    90
  Block: Buckler           |    38 |    30 ||    68
